 Dungeon Sprint DCSS version 0.19.4-10-g532645f (webtiles) character file.

123 equalderp2856 the Gouger (level 4, 0/24 HPs)
             Began as a Felid Fighter on Feb 24, 2017.
             Was an Initiate of Gozag.
             Succumbed to a water moccasin's poison
             ... in the Dungeon (Sprint VII: "The Pits").
             The game lasted 00:01:05 (442 turns).

equalderp2856 the Gouger (Felid Fighter)             Turns: 442, Time: 00:01:06

Health: 0/24       AC:  1    Str: 13    XL:     4   Next: 79%
Magic:  5/5        EV: 23    Int:  9    God:    Gozag
Gold:   747        SH:  0    Dex: 16    Spells: 0 memorised, 3 levels left
                                        Lives:  0   Deaths: 1

rFire  . . .     SeeInvis +       - Unarmed
rCold  . . .     Gourm    .     (armour unavailable)
rNeg   . . .     Faith    .     (shield unavailable)
rPois  .         Spirit   .     (helmet unavailable)
rElec  .         Reflect  .     (cloak unavailable)
rCorr  .         Harm     .     (gloves unavailable)
MR     .....     NoTele   +     (boots unavailable)
Stlth  +++.......               (no amulet)
                                (no ring)
                                (no ring)

@: lethally poisoned (0 -> -17), quick
A: no armour, no weapons or thrown items, stealth, claws 1, fangs 3, see
invisible, carnivore 3, speed 1, shaggy fur 1, slow metabolism 1, sharp paws
a: Potion Petition, Call Merchant, Bribe Branch, Renounce Religion


You were in the Dungeon.
You worshipped Gozag.
Gozag was pleased with you.
You were not hungry.

You visited 1 branch You collected 747 gold pieces.

Inventory:

Scrolls
 h - a scroll of blinking
 j - 3 scrolls of remove curse
 k - 5 scrolls of amnesia
 l - a scroll of summoning
Potions
 a - a potion of might
 c - 5 potions of curing
 d - 5 potions of heal wounds
 e - a potion of haste
 f - 4 potions of magic
 g - 3 potions of berserk rage
 i - 2 potions of invisibility
Comestibles
 b - 8 meat rations


   Skills:
 + Level 5.8 Fighting
 + Level 7.6 Dodging
 + Level 3.1 Stealth
 + Level 9.5 Unarmed Combat


You had 3 spell levels left.
You didn't know any spells.

Dungeon Overview and Level Annotations

Branches:
Dungeon (1/1)

Altars:
Ashenzari
Cheibriados
Dithmenos
Elyvilon
Fedhas
Gozag
Hepliaklqana
Kikubaaqudgha
Makhleb
Nemelex Xobeh
Okawaru
Qazlal
Ru
Sif Muna
Trog
Uskayaw
Vehumet
Xom
Yredelemnul
Zin
The Shining One
Beogh
Jiyva
Lugonu


Innate Abilities, Weirdness & Mutations

You cannot wear armour.
You are incapable of wielding weapons or throwing items.
Your paws allow you to move quietly. (Stealth)
You have sharp claws.
You have razor-sharp teeth.
You have supernaturally acute eyesight. (SInv)
You are carnivorous and can eat meat at any time.
You cover ground quickly.
You are covered in fur. (AC +1)
You have a slow metabolism.
Your sharp claws are effective at attacking unaware monsters.


Message History

Things that are here:
a spear; a robe You now have 747 gold pieces (gained 63).
There is an open door here.
A quokka comes into view.
An adder comes into view. 2 wights come into view.
The water moccasin hisses angrily.
The water moccasin closely misses you. The water moccasin misses you.
The water moccasin bites you.
There is an open door here.
You closely miss the water moccasin. The water moccasin bites you! x2
* * * LOW HITPOINT WARNING * * *
You are lethally poisoned!
The water moccasin poisons you!
You claw the water moccasin!
The water moccasin is heavily wounded.
You die...
Your body crumbles into a pile of gold.

######)))#.##.....
#%?(.')))'.##.....
##########.##.....
#...........'.....
#'#####'#####.....
#.#.....#[[##.....
#)#.....#))#####'#
#.###'###))##.....
#@#.....#))##.....
#S#.....#..##.....
#.####'##'###...<.
#.#...(....##.....
#z#........##.....
#'###########.....
#.......# ######
#..###..#
#...rS..#


You could see a water moccasin and a wight.

Vanquished Creatures
  A floating eye (D)
  A wight (D)
  A worker ant (D)
  An adder (D)
  A river rat (D)
  2 adder skeletons (D)
  3 jackals (D)
  A bat (D)
  A kobold (D)
  A rat (D)
13 creatures vanquished.

Notes
Turn   | Place    | Note
-------+----------+-------------------------------------------
     0 | D        | equalderp2856 the Felid Fighter began the quest for the Orb.
     0 | D        | Reached XP level 1. HP: 10/10 MP: 2/2
    13 | D        | Noticed a floating eye
    17 | D        | Killed a floating eye
    17 | D        | Reached skill level 5 in Fighting
    17 | D        | Reached skill level 1 in Stealth
    17 | D        | Reached skill level 8 in Unarmed Combat
    17 | D        | Reached XP level 2. HP: 16/16 MP: 3/3
    17 | D        | Reached XP level 3. HP: 19/19 MP: 4/4
    17 | D        | Reached XP level 4. HP: 23/23 MP: 5/5
    22 | D        | Found a radiant altar of Vehumet.
    22 | D        | Found a hide-covered altar of Uskayaw.
    22 | D        | Found an ancient bone altar of Kikubaaqudgha.
    22 | D        | Found a viscous altar of Jiyva.
    22 | D        | Found a hazy altar of Hepliaklqana.
    23 | D        | Found a bloodstained altar of Trog.
    23 | D        | Found a deep blue altar of Sif Muna.
    23 | D        | Found a sacrificial altar of Ru.
    23 | D        | Found a stormy altar of Qazlal.
    23 | D        | Found an iron altar of Okawaru.
    23 | D        | Found a sparkling altar of Nemelex Xobeh.
    23 | D        | Found an opulent altar of Gozag.
    23 | D        | Found a blossoming altar of Fedhas.
    23 | D        | Found a white marble altar of Elyvilon.
    23 | D        | Found a shadowy altar of Dithmenos.
    23 | D        | Found a snail-covered altar of Cheibriados.
    24 | D        | Found a glowing golden altar of the Shining One.
    24 | D        | Found a glowing silver altar of Zin.
    26 | D        | Found a roughly hewn altar of Beogh.
    26 | D        | Found a burning altar of Makhleb.
    26 | D        | Found a basalt altar of Yredelemnul.
    27 | D        | Found a shattered altar of Ashenzari.
    27 | D        | Found a corrupted altar of Lugonu.
    27 | D        | Found a shimmering altar of Xom.
    29 | D        | Became a worshipper of Gozag Ym Sagoz the Greedy
   192 | D        | Reached XP level 5. HP: 18/26 MP: 6/6
   383 | D        | Noticed a water moccasin
   399 | D        | Slain by a river rat
   400 | D        | Reached XP level 4. HP: 0/23 MP: 5/5
   409 | D        | Reached skill level 9 in Unarmed Combat
   442 | D        | Succumbed to a water moccasin's poison

Skill      XL: |  1  2  3  4  5 |
---------------+----------------+-----
Fighting       | 5 |  5.8
Dodging        | 6 7 |  7.6
Stealth        | 1 3 |  3.1
Unarmed Combat | 8 9 |  9.5

Action                   |  1- 3 |  4- 6 || total
-------------------------+-------+-------++-------
Melee: Unarmed           |     2 |    41 ||    43
       Bite              |       |     3 ||     3
  Use: Potion            |       |     2 ||     2
 Stab: Sleeping          |     1 |       ||     1
       Distracted        |       |     2 ||     2
Dodge: Dodged            |       |    27 ||    27
